 Dungeon Crawl Stone Soup version 0.21-a0-265-gb353147 (webtiles) character file.

105 Goblin1989 the Skirmisher (level 4, -3/38 HPs)
             Began as a Demonspawn Assassin on Sept 12, 2017.
             Slain by an orc priest
             ... wielding a +0 mace
              (8 damage)
             ... on level 3 of the Dungeon.
             The game lasted 00:05:50 (2305 turns).

Goblin1989 the Skirmisher (Demonspawn Assassin)     Turns: 2305, Time: 00:05:51

Health: -3/38      AC:  8    Str: 12    XL:     4   Next: 54%
Magic:  0/4        EV: 11    Int: 12    God:
Gold:   143        SH:  0    Dex: 15    Spells: 3/3 levels left

rFire    + . .     SeeInvis .   a - +2 dagger
rCold    . . .     Gourm    .   (no shield)
rNeg     . . .     Faith    .   c - +0 robe
rPois    .         Spirit   +   (no helmet)
rElec    .         Reflect  .   L - +1 cloak
rCorr    .         Harm     .   (no gloves)
MR       .....                  U - +1 pair of boots
Stlth    ++........             S - amulet of magic regeneration
HPRegen  0.12/turn              (no ring)
MPRegen  0.34/turn              (no ring)

@: no status effects
A: thin metallic scales 1, fire resistance 1, magic shield
a: no special abilities


You were on level 3 of the Dungeon.
You were hungry.

You visited 1 branch of the dungeon, and saw 3 of its levels.

You collected 143 gold pieces.

Inventory:

Hand Weapons
 a - a +2 dagger (weapon)
 w - a +0 blowgun {@w1}
 E - a +0 hunting sling
Missiles
 g - 8 poisoned needles
 B - 120 stones (quivered)
 C - 41 bolts
 D - 31 arrows
 J - 38 sling bullets
Armour
 c - a +0 robe (worn)
 L - a +1 cloak (worn)
 M - a +0 ring mail
 U - a +1 pair of boots (worn)
Jewellery
 S - an amulet of magic regeneration (around neck)
Scrolls
 y - a scroll of recharging {unknown}
 A - a scroll of immolation {unknown}
 G - a scroll of fog {unknown}
 K - a scroll of teleportation {unknown}
 N - a scroll of magic mapping {unknown}
 Q - a scroll of remove curse {unknown}
 R - a scroll of blinking {unknown}
Potions
 F - a potion of agility {unknown}
 I - a potion of brilliance {unknown}
 P - a potion of lignification {unknown}
Comestibles
 e - 2 bread rations {@e1}
 z - a royal jelly
 H - a meat ration {@e2}


   Skills:
 + Level 4.8 Fighting
 - Level 1.7 Short Blades
 - Level 1.7 Throwing
 - Level 0.8 Dodging
 - Level 3.6 Stealth


You had 3 spell levels left.
You didn't know any spells.

Dungeon Overview and Level Annotations

Branches:
Dungeon (3/15)

Altars:


Innate Abilities, Weirdness & Mutations

You are partially covered in thin metallic scales. (AC +2)
Your flesh is heat resistant. (rF+)
When hurt, damage is shared between your health and your magic reserves.


Message History

Okay, then.
Wear which item? (? for menu, Esc to quit)
You don't have any such object.
Wear which item? (? for menu, Esc to quit)
Okay, then.
Wear which item? (? for menu, Esc to quit)
You start putting on your armour.
You continue putting on your pair of glowing boots. x4
You finish putting on your +1 pair of boots.
Unknown command.
All of the chunks of flesh in your inventory have rotted away.
The orc shouts!
The orc is too close now for your liking.
The orc hits you but does no damage.
The orc shouts!
The orc wizard shouts!
You hit the orc.
The orc is moderately wounded.
The orc wizard gestures wildly while chanting.
The orc wizard seems to speed up.
You closely miss the orc.
The orc is moderately wounded.
The orc barely misses you.
You completely miss the orc.
The orc is moderately wounded.
The orc wizard gestures wildly while chanting.
The orc wizard flickers and vanishes!
Deactivating autopickup; reactivate with Ctrl-A.
The orc hits you but does no damage.
You closely miss the orc.
The orc is moderately wounded.
The orc priest shouts!
The orc hits you but does no damage.
You barely miss the orc.
The orc is moderately wounded.
The orc closely misses you.
You hit the orc.
The orc is severely wounded.
The orc completely misses you. Something hits you but does no damage.
You hit the orc.
The orc is almost dead.
Something hits you but does no damage. The orc hits you but does no damage.
The orc hits you with a club.
You take 1 damage, and have 37/38 hp.
You now have 3/4 mp.
You hit the orc.
The orc is almost dead.
You hear some strange, mumbled words.
A puff of flame appears from out of thin air!
The puff of flame hits you! You resist. The orc closely misses you.
Something hits you but does no damage. The orc hits you with a flail.
You take 8 damage, and have 29/38 hp.
MASSIVE DAMAGE!!
You barely miss the orc.
The orc is almost dead.
Something hits you but does no damage. The orc misses you.
You hit the orc.
You kill the orc!
You are feeling hungry.
The orc hits you with a club. Something hits you but does no damage.
The orc priest hits you but does no damage.
The orc hits you with a flail.
You take 7 damage, and have 22/38 hp.
Wield which item (- for none, * to show all)? (? for menu, Esc to quit)
w - a +0 blowgun (weapon)
{@w1} You hear some strange, mumbled words.
A puff of flame appears from out of thin air!
The puff of flame hits you! The orc hits you but does no damage.
The orc priest misses you.
Quiver which item? (- for none, * to show all) (? for menu, Esc to quit)
Quivering
f - 2 curare-tipped needles for blowguns.
Firing (i - inventory. (,) - cycle):
f - 2 curare-tipped needles (quivered)
Press: ? - help, Shift-Dir - straight line, f - orc priest
Aim: an orc priest, wielding a mace You shoot a curare-tipped needle.
The curare-tipped needle closely misses the orc priest.
Something hits you but does no damage. The orc barely misses you.
Firing (i - inventory. (,) - cycle):
f - a curare-tipped needle (quivered)
Press: ? - help, Shift-Dir - straight line, f/p - orc priest
Aim: an orc priest, wielding a mace You shoot a curare-tipped needle.
The curare-tipped needle hits the orc priest.
The orc priest is poisoned.
The orc priest convulses.
The orc priest seems to slow down.
The orc priest is severely wounded.
Something hits you but does no damage. The orc closely misses you.
The orc hits you but does no damage. The orc priest hits you with a mace.
Something hits you but does no damage.
You take 2 damage, and have 20/38 hp.
You now have 2/4 mp.
Unknown command.
a - a +2 dagger (weapon)
The orc hits you with a club. Something hits you but does no damage.
You take 2 damage, and have 18/38 hp.
You barely miss the orc priest.
The orc priest is severely wounded.
The orc hits you with a flail!
* * * LOW HITPOINT WARNING * * *
You hear some strange, mumbled words.
A magic dart appears from out of thin air!
The magic dart hits you!
* * * LOW HITPOINT WARNING * * *
The orc priest hits you with a mace!
You die...

█. █..█.██.█..█.......
█.█.........█..█.██S██.
█.██.............██....
█..█...........█....o█.
█......................
█..........█████.█...█o
█..█...................
█.....{o..████████.....
█.....@.....██████..██.
██....oo...............
█.██.....█.██.........
█.██....(█.███████████
█.██..█..█<█
█.██..█..█.█
█.███.█..█.█ █..
........ ███ ███..█.█


You could see an orc priest and 2 orcs.

Vanquished Creatures
  5 adders (D:2)
  3 worms
  A dart slug (D:2)
  2 leopard geckos
  An orc (D:3)
  A ball python (D:1)
  A bat skeleton (D:2)
  7 giant cockroaches
  5 goblins
  4 hobgoblins
  6 bats
  6 frilled lizards
  4 kobolds
  4 rats
50 creatures vanquished.

Notes
Turn   | Place    | Note
-------+----------+-------------------------------------------
     0 | D:1      | Goblin1989 the Demonspawn Assassin began the quest for the Orb.
     0 | D:1      | Reached XP level 1. HP: 16/16 MP: 1/1
   286 | D:1      | Gained mutation: You are partially covered in thin metallic scales. (AC +2) [demonic ancestry]
   286 | D:1      | Reached XP level 2. HP: 23/23 MP: 2/2
   408 | D:1      | Reached skill level 3 in Fighting
   941 | D:2      | Gained mutation: Your flesh is heat resistant. (rF+) [demonic ancestry]
   941 | D:2      | Reached XP level 3. HP: 24/29 MP: 3/3
  1257 | D:2      | Reached skill level 4 in Fighting
  1593 | D:2      | Gained mutation: When hurt, damage is shared between your health and your magic reserves. [demonic ancestry]
  1593 | D:2      | Reached XP level 4. HP: 37/37 MP: 4/4
  2305 | D:3      | Slain by an orc priest

Vault maps used:
D:1:      nzn_arrival_crosshair
D:2:      minmay_pentomino_w4
D:3:      lightli_temple_of_fire, nicolae_overflow_hidden_temple, serial_curves,
          eino_curves_02, eino_curves_03, first_bread

Skill      XL: |  1  2  3 |
---------------+----------+-----
Fighting       | 3 4 |  4.8
Short Blades   | |  1.7
Throwing       | |  1.7
Dodging        | |  0.8
Stealth        | |  3.6

Action                   |  1- 3 |  4- 6 || total
-------------------------+-------+-------++-------
Melee: Dagger            |   112 |    75 ||   187
 Fire: Blowgun           |    14 |     2 ||    16
Throw: Stone             |     6 |       ||     6
 Stab: Sleeping          |    11 |     3 ||    14
  Eat: Chunk             |     2 |     2 ||     4
Armor: Robe              |    38 |    31 ||    69
Dodge: Dodged            |    68 |    39 ||   107

Table legend:
 A = Spawn XP
 B = Non-spawn XP
 C = Spawn XP percentage of total XP
 D = Spawn monster count
 E = Non-spawn monster count
 F = Spawn count percentage of total count
 G = Total turns spent on level
                    A         B        C        D         E        F      G
               +---------+---------+-------+---------+---------+-------+---------
         Total |       0 |     151 |   0.0 |       0 |      50 |   0.0 |  2305
               +---------+---------+-------+---------+---------+-------+---------
           D:1 |       0 |      33 |   0.0 |       0 |      22 |   0.0 |   807
           D:2 |       0 |     105 |   0.0 |       0 |      24 |   0.0 |  1395
           D:3 |       0 |      13 |   0.0 |       0 |       4 |   0.0 |   103
               +---------+---------+-------+---------+---------+-------+---------

Vault maps used:
D:1:      nzn_arrival_crosshair
D:2:      minmay_pentomino_w4
D:3:      lightli_temple_of_fire, nicolae_overflow_hidden_temple, serial_curves,
          eino_curves_02, eino_curves_03, first_bread
